 Seeded DCSS version 0.32-a0-913-g739538afd8 (webtiles) character file.

Game seed: 17073724502869601980 (custom seed)

1273 timneilson the Conjurer (level 8, -4/44 HPs)
             Began as a Deep Elf Conjurer on Apr 8, 2024.
             Was an Initiate of Gozag.
             Slain by an orc warrior
             ... wielding a +2 heavy dire flail
              (23 damage)
             ... on level 7 of the Dungeon.
             The game lasted 00:21:49 (7331 turns).

timneilson the Conjurer (Deep Elf Conjurer)         Turns: 7331, Time: 00:21:50

Health: -4/44      AC:  5    Str:  4    XL:     8   Next: 28%
Magic:  23/28      EV: 13    Int: 26    God:    Gozag
Gold:   1373       SH:  0    Dex: 13    Spells: 7/19 levels left

rFire   . . .        d - +0 dagger (drain)
rCold   . . .        (no shield)
rNeg    . . .        a - +1 robe
rPois   .            l - +2 hat
rElec   .            (no cloak)
rCorr   .            (no gloves)
SInv    +            (no boots)
Will    .....        (no amulet)
Stlth   +++          n - ring of see invisible
HPRegen 0.27/turn    y - ring of magical power
MPRegen 0.21/turn

%: no passive effects
@: no status effects
A: no striking features
a: Renounce Religion, Potion Petition, Call Merchant, Bribe Branch


You were on level 7 of the Dungeon.
You worshipped Gozag.
Gozag was most pleased with you.
You visited 2 branches of the dungeon, and saw 8 of its levels.

You collected 1438 gold pieces.
You paid 65 gold pieces to Gozag.

Inventory:

Hand Weapons
 d - a +0 dagger of draining (weapon)
Missiles
 u - 4 poisoned darts
Armour
 a - a +1 robe (worn)
 l - a +2 hat (worn)
Jewellery
 i - a ring of resist corrosion
 n - a ring of see invisible (left hand)
 y - a ring of magical power (right hand)
Wands
 j - a wand of roots (21)
 w - a wand of flame (17)
Scrolls
 g - a scroll of fear
 t - 2 scrolls of amnesia
 z - a scroll of teleportation
 A - a scroll of summoning {unknown}
Potions
 b - 2 potions of magic
 c - 2 potions of lignification
 e - a potion of haste {unknown}
 f - a potion of mutation {unknown}
 h - 4 potions of curing {unknown}
 k - a potion of berserk rage {unknown}
 m - 2 potions of might
 o - a potion of enlightenment {unknown}
 p - 2 potions of attraction
 q - a potion of heal wounds {unknown}
 r - 2 potions of ambrosia {unknown}
 s - a potion of degeneration {unknown}


   Skills:
 + Level 2.2 Fighting
 + Level 1.8 Armour
 * Level 5.6 Dodging
 + Level 4.3 Stealth
 * Level 6.2 Spellcasting
 * Level 6.3 Conjurations
 + Level 2.0 Translocations
 + Level 2.7 Fire Magic
 + Level 2.0 Alchemy
 + Level 2.2 Evocations


You had 7 spell levels left.
You knew the following spells:

 Your Spells              Type           Power      Damage    Failure   Level
a - Magic Dart            Conj           100%       1d8       1%          1
b - Searing Ray           Conj           82%        2d7       1%          2
c - Foxfire               Conj/Fire      100%       2x1d9     1%          1
d - Fulminant Prism       Conj/Alch      15%        3d10      12%         4
e - Iskenderun's Mystic Conj/Tloc 29%            2d7        (+2d3     12%         4

Your spell library contained the following spells:

 Spells                   Type           Power      Damage    Failure   Level
 Momentum Strike          Conj/Tloc      58%        3d9       1%          2
 Apportation              Tloc           36%        N/A       3%          1
 Teleport Other           Tloc           18%        N/A       9%          3
 Flame Wave               Conj/Fire      31%        2d9       11%         4
 Summon Ice Beast         Ice/Summ       8%         N/A       21%         3
 Ignite Poison            Fire/Alch      20%        N/A       26%         4
 Fireball                 Conj/Fire      15%        3d8       28%         5
 Summon Mana Viper        Hex/Summ       8%         N/A       88%         5
 Monstrous Menagerie      Summ           4%         N/A       100%        7


Dungeon Overview and Level Annotations

Branches:
Dungeon (7/15)             Temple (1/1) D:5

Altars:
Cheibriados
Dithmenos
Elyvilon
Fedhas
Gozag
Hepliaklqana
Kikubaaqudgha
Makhleb
Nemelex Xobeh
Okawaru
Ru
Sif Muna
Uskayaw
Vehumet
Xom
Yredelemnul
Zin
The Shining One


Message History

You now have 1373 gold pieces (gained 6).
You start resting.
An orc warrior comes into view. It is wielding a +2 heavy dire flail.
Casting: Searing Ray (safe; 1% risk of failure)
Confirm with . or Enter, or press ? or * to list all spells.
Aiming: Magic Dart (safe; 1% risk of failure)
Press: ? - help, Shift-Dir - straight line, f - orc warrior
Aim: an orc warrior, wielding a +2 heavy dire flail and wearing a +0 plate armour (wandering, hasn't noticed you, 100% to hit)
The magic dart hits the orc warrior.
The orc warrior is lightly wounded.
The orc warrior shouts!
The orc warrior unwields a +2 heavy dire flail.
The orc warrior wields a +0 arbalest.
The orc warrior shoots a bolt.
The bolt hits you!
Casting: Magic Dart (safe; 1% risk of failure)
Confirm with . or Enter, or press ? or * to list all spells.
Okay, then.
The orc warrior shoots a bolt.
The bolt closely misses you.
The orc warrior shoots a bolt.
The bolt barely misses you.
Casting: Magic Dart (safe; 1% risk of failure)
Confirm with . or Enter, or press ? or * to list all spells.
Aiming: Searing Ray (safe; 1% risk of failure)
Press: ? - help, Shift-Dir - straight line, f/p - orc warrior
Aim: an orc warrior, wielding a +0 arbalest and wearing a +0 plate armour (lightly wounded, 82% to hit)
The searing ray hits the orc warrior but does no damage.
The orc warrior is lightly wounded. (Press . to maintain the ray.)
The orc warrior unwields a +0 arbalest.
The orc warrior wields a +2 heavy dire flail.
The orc warrior hits you with a +2 heavy dire flail!
The searing ray misses the orc warrior.
The orc warrior closely misses you.
The searing ray hits the orc warrior but does no damage.
The orc warrior is lightly wounded.
The searing ray hits the orc warrior.
The orc warrior is lightly wounded.
You finish channelling your searing ray.
The orc warrior hits you with a +2 heavy dire flail!!
Ouch! That really hurt!
You die...
Your body crumbles into a pile of gold.

#....##
#...#....._.....#
.....#
##.#..#.......#..
....)##
#...###.....##...
....#.##
##.#####...## ..
######.###.##
#.##.## ##...##
#..#.# # #...#
#..#.##.# #...#
#..o....# #...#
##@#.#### #...#
#.#.## .....
#.#..# .......
..##.# .........
####.# ###...###
#.# #o# ####.#
#....##


You could see an orc warrior.

Vanquished Creatures
  A black bear (D:6)
  An ogre (D:6)
  2 centaurs
  2 phantoms (D:5)
  2 scorpions (D:5)
  A bullfrog (D:7)
  A howler monkey (D:7)
  3 orc priests
  3 hounds (D:5)
  2 sleepcaps
  2 iguanas
  4 gnolls (D:4)
  11 adders
  2 ufetubi (D:6)
  3 dart slugs
  17 orcs
  8 endoplasms
  5 giant cockroaches
  6 goblins
  8 hobgoblins
  11 jackals
  4 quokkas
  3 ball pythons
  11 bats
  7 frilled lizards
  9 kobolds
  5 rats
134 creatures vanquished.

Notes
Turn   | Place    | Note
-------+----------+-------------------------------------------
     0 | D:1      | timneilson the Deep Elf Conjurer began the quest for the
                  | Orb.
     0 | D:1      | Reached XP level 1. HP: 10/10 MP: 6/6
   298 | D:1      | Identified a scroll of acquirement
   298 | D:1      | Acquired timneilson's Verses on Blinking Heat
   439 | D:1      | Reached XP level 2. HP: 15/15 MP: 6/8
   878 | D:2      | Learned a level 2 spell: Searing Ray
   880 | D:2      | Learned a level 1 spell: Foxfire
  1268 | D:3      | Found a faded altar of an unknown god.
  1280 | D:3      | Reached XP level 3. HP: 18/20 MP: 6/10
  1644 | D:4      | Acquired 546 gold pieces
  1684 | D:5      | Entered Level 5 of the Dungeon
  1693 | D:5      | Found a staircase to the Ecumenical Temple.
  1701 | Temple   | Entered the Ecumenical Temple
  1720 | Temple   | Became a worshipper of Gozag Ym Sagoz the Greedy
  1750 | D:5      | Reached skill level 1 in Fire Magic
  1750 | D:5      | Reached XP level 4. HP: 18/24 MP: 1/12
  1992 | D:2      | Reached skill level 5 in Conjurations
  2622 | D:3      | Found a radiant altar of Vehumet.
  2636 | D:3      | Reached skill level 1 in Fighting
  2636 | D:3      | Reached XP level 5. HP: 25/29 MP: 5/13
  4446 | D:4      | Reached XP level 6. HP: 32/34 MP: 6/15
  4639 | D:4      | Learned a level 4 spell: Fulminant Prism
  4644 | D:4      | Learned a level 4 spell: Iskenderun's Mystic Blast
  4691 | D:5      | Reached skill level 1 in Evocations
  4892 | D:5      | Reached skill level 5 in Spellcasting
  4967 | D:5      | Reached skill level 1 in Armour
  5067 | D:5      | Reached XP level 7. HP: 38/38 MP: 9/16
  5138 | D:5      | Reached skill level 1 in Alchemy
  5362 | D:5      | Reached skill level 1 in Translocations
  5470 | D:5      | Reached skill level 5 in Dodging
  6538 | D:6      | Reached XP level 8. HP: 44/44 MP: 13/19
  7050 | D:7      | Found an iron altar of Okawaru.
  7135 | D:7      | Found a shimmering blue altar of Sif Muna.
  7331 | D:7      | Slain by an orc warrior

Illustrated notes

Levels and vault maps discovered:
D:1:      lightli_arrival_windingriver, layout_loops_ring
D:2:      layout_basic, dk_noncrumbling_3
D:3:      layout_loops_corners, mainiacjoe_overflow_boulevard,
          shapermc_ecumenical_altar_gd, minmay_misc_feat_alley, st_stairs_8
D:4:      layout_gridville, lemuel_flame_loot_1
D:5:      layout_basic, minmay_temple_entry_stoned_glass
D:6:      layout_basic, grunt_decor_mini_mirrors
D:7:      layout_loops_cross, mainiacjoe_overflow_six_doors_small,
          lemuel_round_altar, lemuel_blue_sif_altar
Temple:   nicolae_temple_superstar

Skill      XL: |  1  2  3  4  5  6  7  8 |
---------------+-------------------------+-----
Dodging        | 3 4 5 |  5.6
Spellcasting   | 4 5 6 |  6.2
Fire Magic     | 1 2 |  2.7
Conjurations   | 5 6 |  6.3
Stealth        | 3 4 |  4.3
Fighting       | 1 2 |  2.2
Evocations     | 1 2 |  2.2
Armour         | 1 |  1.8
Alchemy        | 1 2 |  2.0
Translocations | 1 2 |  2.0

Action                     |  1- 3 |  4- 6 |  7- 9 || total
---------------------------+-------+-------+-------++-------
  Melee: Dagger            |    31 |    28 |     1 ||    60
   Cast: Magic Dart        |    68 |   121 |    32 ||   221
         Searing Ray       |     2 |    14 |    23 ||    39
    Use: Scroll            |     3 |     3 |     8 ||    14
 Armour: Robe              |    28 |    32 |    25 ||    85
  Dodge: Dodged            |    34 |    32 |    22 ||    88

Table legend: (Time is in decaauts)
 A = Elapsed time spent in this place.
 B = Non-inter-level travel time spent in this place.
 C = Inter-level travel time spent in this place.
 D = Time resting spent in this place.
 E = Time spent auto-exploring this place.
 F = Levels seen in this place.
 G = Mean time per level.
                   A        B        C        D        E       F      G
               +--------+--------+--------+--------+--------+-----+--------+
         Total |   7335 |   6967 |    368 |    734 |   4461 |   8 |  916.9 |
       Dungeon |   7296 |   6946 |    350 |    734 |   4461 |   7 | 1042.3 |
        Temple |     38 |     20 |     18 |      0 |      0 |   1 |   38.0 |
               +--------+--------+--------+--------+--------+-----+--------+

Top non-repeatable levels by time:
     D:4: 1387 daAuts
     D:6: 1329 daAuts
     D:3: 1308 daAuts
     D:2: 1118 daAuts
     D:1: 916 daAuts
     D:5: 902 daAuts
     D:7: 333 daAuts
  Temple: 38 daAuts
